 Dungeon Crawl Stone Soup version 0.31-a0-236-g9a0961fb85 (webtiles) character file.

Game seed: 14046650328824739129

371 Ekaitz the Stinger (level 6, -9/44 HPs)
             Began as a Demonspawn Venom Mage on July 10, 2023.
             Mangled by an iguana (10 damage)
             ... on level 4 of the Dungeon.
             The game lasted 00:09:04 (4054 turns).

Ekaitz the Stinger (Demonspawn Venom Mage)          Turns: 4054, Time: 00:09:06

Health: -9/44      AC:  4    Str:  9    XL:     6   Next: 42%
Magic:  3/9        EV: 12    Int: 16    God:
Gold:   128        SH:  0    Dex: 15    Spells: 4/10 levels left

rFire   . . .        i - +1 dagger (drain)
rCold   . . .        (no shield)
rNeg    . . .        a - +0 robe
rPois   .            z - +1 helmet
rElec   .            (no cloak)
rCorr   .            (no gloves)
SInv    .            (no boots)
Will    +....        (no amulet)
Stlth   ++           n - ring of willpower
HPRegen 0.27/turn    (no ring)
MPRegen 0.22/turn

%: no passive effects
@: no status effects
A: magic regeneration, sturdy frame 1
a: no special abilities


You were on level 4 of the Dungeon.
You visited 1 branch of the dungeon, and saw 4 of its levels.

You collected 128 gold pieces.

Inventory:

Hand Weapons
 i - a +1 dagger of draining (weapon)
Missiles
 t - 6 curare-tipped darts
 w - 8 poisoned darts
Armour
 a - a +0 robe (worn)
 z - a +1 helmet (worn)
Jewellery
 d - a ring of fire
 n - a ring of willpower (left hand)
Wands
 j - a wand of roots (11)
 q - a wand of polymorph (13)
 x - a wand of paralysis (4)
Scrolls
 c - 3 scrolls of enchant weapon {unknown}
 e - a scroll of brand weapon {unknown}
 f - 2 scrolls of poison {unknown}
 k - 2 scrolls of amnesia {unknown}
 o - 2 scrolls of identify {unknown}
 p - a scroll of summoning {unknown}
 s - a scroll of immolation {unknown}
 u - 2 scrolls of revelation {unknown}
 v - a scroll of fear {unknown}
 y - a scroll of noise {unknown}
Potions
 b - a potion of magic
 g - a potion of haste {unknown}
 h - a potion of lignification {unknown}
 l - a potion of cancellation {unknown}
 m - a potion of resistance {unknown}
 r - a potion of curing {unknown}


   Skills:
 * Level 1.9 Fighting
 + Level 0.1 Short Blades
 + Level 2.1 Dodging
 + Level 1.8 Stealth
 + Level 2.5 Spellcasting
 * Level 0.6 Conjurations
 * Level 2.3 Transmutations
 * Level 1.7 Air Magic
 * Level 5.3 Poison Magic


You had 4 spell levels left.
You knew the following spells:

 Your Spells              Type           Power      Damage    Failure   Level
a - Sting                 Tmut/Pois      56%        1d5       4%          1
b - Poisonous Vapours     Pois/Air       26%        N/A       7%          2
c - Mephitic Cloud        Conj/Pois/Air  10%        N/A       21%         3

Your spell library contained the following spells:

 Spells                   Type           Power      Damage    Failure   Level
 Wereblood                Tmut           9%         N/A       11%         2
 Summon Small Mammal      Summ           8%         N/A       21%         1
 Olgreb's Toxic Radiance  Pois           19%        N/A       22%         4
 Sublimation of Blood     Necr           2%         N/A       30%         2
 Dazzling Flash           Conj/Hex       6%         N/A       45%         3
 Stone Arrow              Conj/Erth      6%         3d7       45%         3
 Call Canine Familiar     Summ           2%         N/A       52%         3
 Summon Guardian Golem    Hex/Summ       2%         N/A       52%         3
 Anguish                  Hex/Necr       1%         N/A       89%         4
 Alistair's Intoxication  Tmut/Pois      9%         N/A       75%         5
 Freezing Cloud           Conj/Ice/Air   2%         6-21      98%         5
 Borgnjor's Vile Clutch   Necr/Erth      1%         N/A       99%         5
 Eringya's Noxious Bog    Tmut/Pois      7%         4d6       99%         6
 Statue Form              Tmut/Erth      3%         N/A       100%        6
 Summon Hydra             Summ           1%         N/A       100%        7


Dungeon Overview and Level Annotations

Branches:
Dungeon (4/15)
 Temple: D:4-7

Altars:
Yredelemnul

Annotations:
D:1 1 runed translucent door


Innate Abilities, Weirdness & Mutations

You regenerate magic rapidly.
Your movements are slightly less encumbered by armour. (ER -2)


Message History

The iguana is lightly wounded.
You kill the hobgoblin!
The iguana barely misses you.
Casting: Sting (safe; 4% risk of failure)
Confirm with . or Enter, or press ? or * to list all spells.
Aiming: Sting (safe; 4% risk of failure)
Press: ? - help, Shift-Dir - straight line, f - iguana
Aim: an iguana (lightly wounded, poisoned, 75% to hit)
The sting misses the iguana.
The iguana misses you.
Unknown command.
Casting: Sting (safe; 4% risk of failure)
Confirm with . or Enter, or press ? or * to list all spells.
Aiming: Sting (safe; 4% risk of failure)
Press: ? - help, Shift-Dir - straight line, f/p - iguana
Aim: an iguana (moderately wounded, poisoned, 75% to hit)
The sting hits the iguana but does no damage.
The iguana looks even sicker.
The iguana is moderately wounded.
The iguana bites you!
* * * LOW HITPOINT WARNING * * *
Casting: Sting (safe; 4% risk of failure)
Confirm with . or Enter, or press ? or * to list all spells.
Aiming: Sting (safe; 4% risk of failure)
Press: ? - help, Shift-Dir - straight line, f/p - iguana
Aim: an iguana (heavily wounded, very poisoned, 75% to hit)
The sting hits the iguana but does no damage.
The iguana looks even sicker.
The iguana is heavily wounded.
The iguana bites you!
* * * LOW HITPOINT WARNING * * *
Casting: Sting (safe; 4% risk of failure)
Confirm with . or Enter, or press ? or * to list all spells.
Aiming: Sting (safe; 4% risk of failure)
Press: ? - help, Shift-Dir - straight line, f/p - iguana
Aim: an iguana (heavily wounded, very poisoned, 75% to hit)
The sting hits the iguana but does no damage.
The iguana looks as sick as possible!
The iguana is heavily wounded.
The iguana bites you!
You die...

.........# ##....... .........+
.....>... .........#. #...#?.# ##
.........#. #......##.
<.########. #.o.# .... ..# #.#
#.####...#...# ..###### #.#
#.o.o†.......#
.......###.#########)###..#
...............†@l........#
##.......##.######).###...#
#.......##.#........)....#
#.......)..#......#......#
#..........#..........<..#
##..........#........##...#
............#.....<.....#.#
..######..(###.##########.#######
..##...'...'.....................


You could see an iguana (extremely poisoned).

Vanquished Creatures
  A black bear (D:4)
  2 hounds
  3 orc wizards (D:4)
  4 adders
  2 worms
  2 dart slugs
  8 orcs
  8 ball pythons
  7 bats
  7 endoplasms
  4 giant cockroaches
  7 goblins
  8 hobgoblins
  6 kobolds
  5 quokkas
  4 frilled lizards
  11 rats
89 creatures vanquished.

Notes
Turn   | Place    | Note
-------+----------+-------------------------------------------
     0 | D:1      | Ekaitz the Demonspawn Venom Mage began the quest for the
                  | Orb.
     0 | D:1      | Reached XP level 1. HP: 13/13 MP: 3/3
     1 | D:1      | Found a runed translucent door.
   124 | D:1      | Reached skill level 1 in Transmutations
   518 | D:1      | Gained mutation: You regenerate magic rapidly. [demonic
                  | ancestry]
   518 | D:1      | Reached XP level 2. HP: 20/20 MP: 3/5
   558 | D:1      | Learned a level 2 spell: Poisonous Vapours
  1349 | D:2      | Reached skill level 1 in Fighting
  1349 | D:2      | Reached XP level 3. HP: 26/26 MP: 4/6
  2141 | D:2      | Reached skill level 1 in Air Magic
  2291 | D:3      | Got the Papyrus of the Xenolith and Fascination
  2375 | D:3      | Reached XP level 4. HP: 25/32 MP: 2/7
  2379 | D:3      | Learned a level 3 spell: Mephitic Cloud
  2441 | D:3      | Reached skill level 4 in Poison Magic
  2602 | D:3      | Found a basalt altar of Yredelemnul.
  2604 | D:3      | Noticed a profane servitor
  2619 | D:3      | Noticed an angel
  2933 | D:3      | Reached XP level 5. HP: 27/37 MP: 2/8
  3430 | D:4      | Noticed a black bear
  3561 | D:4      | Killed a black bear
  3703 | D:4      | Reached skill level 5 in Poison Magic
  3703 | D:4      | Gained mutation: Your movements are slightly less
                  | encumbered by armour. (ER -2) [demonic ancestry]
  3703 | D:4      | Reached XP level 6. HP: 33/43 MP: 1/9
  4053 | D:4      | HP: 1/44 [iguana (9)]
  4054 | D:4      | Mangled by an iguana

Illustrated notes

Levels and vault maps discovered:
D:1:      dpeg_arrival_caged_fury, layout_loops_corners, serial_forest,
          infiniplex_forest_lined_room_, infiniplex_forest_zigzag_2,
          infiniplex_forest_lined_room_, infiniplex_forest_clump_medium,
          infiniplex_forest_clump_tiny, infiniplex_forest_lined_3,
          infiniplex_forest_lined_4_way, infiniplex_forest_end_1
D:2:      layout_rooms, grunt_ministairs_12
D:3:      layout_loops_ring, grunt_temple_overflow_holy_war, minmay_surrounded
D:4:      layout_basic, grunt_decor_junction, nicolae_zen_rock_garden,
          hangedman_decor_riveting

Skill      XL: |  1  2  3  4  5  6 |
---------------+-------------------+-----
Transmutations | 1 2 |  2.3
Fighting       | 1 |  1.9
Air Magic      | 1 |  1.7
Poison Magic   | 4 5 |  5.3
Dodging        | 2 |  2.1
Short Blades   | |  0.1
Stealth        | |  1.8
Spellcasting   | |  2.5
Conjurations   | |  0.6

Action                     |  1- 3 |  4- 6 || total
---------------------------+-------+-------++-------
  Melee: Mace              |     4 |     3 ||     7
         Dagger            |       |    32 ||    32
   Cast: Sting             |   109 |    66 ||   175
         Poisonous Vapours |    11 |    16 ||    27
 Armour: Robe              |    11 |    12 ||    23
  Dodge: Dodged            |    35 |    42 ||    77

Table legend: (Time is in decaauts)
 A = Elapsed time spent in this place.
 B = Non-inter-level travel time spent in this place.
 C = Inter-level travel time spent in this place.
 D = Time resting spent in this place.
 E = Time spent auto-exploring this place.
 F = Levels seen in this place.
 G = Mean time per level.
                   A        B        C        D        E       F      G
               +--------+--------+--------+--------+--------+-----+--------+
         Total |   4054 |   3961 |     93 |     29 |   3197 |   4 | 1013.5 |
       Dungeon |   4054 |   3961 |     93 |     29 |   3197 |   4 | 1013.5 |
               +--------+--------+--------+--------+--------+-----+--------+

Top non-repeatable levels by time:
     D:1: 1206 daAuts
     D:3: 1091 daAuts
     D:2: 989 daAuts
     D:4: 766 daAuts
